 Dungeon Crawl Stone Soup version 0.27.1-3-gb3d3a73c9e (webtiles) character file.

Game seed: 7053700007605814219

1608185 toffzen the Conqueror (level 27, 199/199 HPs)
             Began as a Tengu Berserker on Sept 2, 2021.
             Was the Champion of Trog.
             Escaped with the Orb
             ... and 3 runes on Oct 6, 2021!
             The game lasted 03:07:58 (88603 turns).

toffzen the Conqueror (Tengu Berserker)            Turns: 88603, Time: 03:07:59

Health: 199/199    AC: 49    Str: 23    XL:     27
Magic:  21/21      EV: 27    Int: 12    God:    Trog [******]
Gold:   4515       SH: 23    Dex: 30    Spells: 26/26 levels left

rFire    + . .     SeeInvis .   a - +8 demon whip of Subjectivity {venom, rPois Dex+4}
rCold    + + .     Faith    .   x - +0 kite shield "Muiqia" {Str-4 Int+4 Dex+8 Slay+5}
rNeg     + . .     Spirit   .   J - +8 gold dragon scales
rPois    +         Reflect  +   o - +2 hat
rElec    .         Harm     .   K - +2 cloak {Will+}
rCorr    .         Rampage  .   H - +3 pair of gauntlets of War {Slay+5}
Will     +++++                  (boots unavailable)
Stlth    ..........             U - amulet "Waku" {Reflect Will++ Regen+ Str-5 SH+5}
HPRegen  1.43/turn              m - ring of Buppoc {+Blink AC+4 Slay+3 Stlth+}
MPRegen  0.17/turn              D - ring "Ynel" {rC+ rN+ Will+ Str+6}

@: flying quickly and evasively, quick
A: beak, talons 3, nimble flight, iridescent scales 1, low mp 1, inability to
read while threatened
0: Orb of Zot
}: 3/15 runes: decaying, serpentine, silver
a: Renounce Religion, Evoke Blink, Berserk, Trog's Hand, Brothers in Arms


You escaped.
You worshipped Trog.
Trog was exalted by your worship.
You visited 10 branches of the dungeon, and saw 52 of its levels.
You visited the Abyss 3 times.
You visited 1 bazaar.

You collected 11033 gold pieces.
You spent 6518 gold pieces at shops.

Inventory:

Hand Weapons
 a - the +8 demon whip of Subjectivity (weapon) {venom, rPois Dex+4}
   (You acquired it on level 12 of the Dungeon)

   It poisons the flesh of those it strikes.
   Dex:       It affects your dexterity (+4).
   rPois:     It protects you from poison.
 b - the +2 Maxwell's thermic engine {flame, freeze}
   (You took it off a fire giant on level 4 of the Vaults)

   It burns those it strikes, dealing additional fire damage.
   Big, fiery blades are also staple armaments of hydra-hunters.
   It freezes those it strikes, dealing additional cold damage.
   It can also slow down cold-blooded creatures.
   It becomes more effective when it hits something.
   This effect fades over time.
 k - the +9 morningstar "Tuhug" {vorpal, Contam +Rage rF+ rC+}
   (You bought it in a shop on level 14 of the Dungeon)

   It inflicts extra damage upon your enemies.
   rF:        It protects you from fire.
   rC:        It protects you from cold.
   +Rage:     It lets you go berserk.
   Contam:    It causes magical contamination when unequipped.
 W - the +2 morningstar of Mafatomi {flame, rPois rC++ rN++}
   (You acquired it on level 8 of the Dungeon)

   It burns those it strikes, dealing additional fire damage.
   rC:        It greatly protects you from cold.
   rPois:     It protects you from poison.
   rN:        It greatly protects you from negative energy.
 Y - a +3 antimagic morningstar
 Z - the +8 demon blade "Leech" {vamp, *Rage +Rage rN+}
   (You took it off a yaktaur captain on level 4 of the Vaults)

   It heals its wielder for a portion of the damage dealt every time it strikes
   a living foe.
   rN:        It protects you from negative energy.
   +Rage:     It lets you go berserk.
   *Rage:     It may make you go berserk in combat.
Missiles
 f - 5 throwing nets (quivered)
 h - 1794 stones
Armour
 o - a +2 hat (worn)
 x - the +0 kite shield "Muiqia" (worn) {Str-4 Int+4 Dex+8 Slay+5}
   (You bought it in a shop on level 3 of the Depths)

   Str:       It affects your strength (-4).
   Int:       It affects your intelligence (+4).
   Dex:       It affects your dexterity (+8).
   Slay:      It affects your accuracy & damage with ranged weapons and melee
   (+5).
 H - the +3 pair of gauntlets of War (worn) {Slay+5}
   (You bought it in a shop on level 2 of the Elven Halls)

   Slay:      It affects your accuracy & damage with ranged weapons and melee
   (+5).
 J - +8 gold dragon scales (worn)
 K - a +2 cloak of willpower (worn)
 O - a +0 kite shield of protection
 R - the +1 plate armour of the Gloaming {Drain rF+++ rC+}
   (You bought it in a shop on level 2 of the Orcish Mines)

   rF:        It renders you almost immune to fire.
   rC:        It protects you from cold.
   Drain:     It drains your maximum health when unequipped.
Jewellery
 i - a ring of see invisible
 m - the ring of Buppoc (left hand) {+Blink AC+4 Slay+3 Stlth+}
   (You acquired it on level 14 of the Dungeon)

   [ring of protection]

   AC:        It affects your AC (+4).
   Slay:      It affects your accuracy & damage with ranged weapons and melee
   (+3).
   +Blink:    It lets you blink.
   Stlth:     It makes you more stealthy.
 w - the amulet of Pyithra {Acrobat -Tele rCorr Dex+6}
   (You bought it in a shop on level 6 of the Dungeon)

   [amulet of the acrobat]

   It increases your evasion while moving and waiting.
   Dex:       It affects your dexterity (+6).
   -Tele:     It prevents most forms of teleportation.
   rCorr:     It protects you from acid and corrosion.
 y - the ring "Guyv" {rF+ Will+ Str+3 Int+5 Dex-5}
   (You found it on level 5 of the Depths)

   [ring of willpower]

   Str:       It affects your strength (+3).
   Int:       It affects your intelligence (+5).
   Dex:       It affects your dexterity (-5).
   rF:        It protects you from fire.
   Will:      It increases your willpower.
 D - the ring "Ynel" (right hand) {rC+ rN+ Will+ Str+6}
   (You found it on level 3 of the Depths)

   [ring of protection from cold]

   Str:       It affects your strength (+6).
   rC:        It protects you from cold.
   rN:        It protects you from negative energy.
   Will:      It increases your willpower.
 I - a ring of positive energy
 M - the amulet of Moodiness {Faith Int-4 Slay+6}
   (You found it on level 3 of the Depths)

   [amulet of faith]

   It allows you to gain divine favour quickly.
   Int:       It affects your intelligence (-4).
   Slay:      It affects your accuracy & damage with ranged weapons and melee
   (+6).
 P - the ring of the Coward {rElec rC+ Str-5 Int+6 Dex+4 Stlth+}
   (You found it on level 5 of the Depths)

   [ring of intelligence]

   Str:       It affects your strength (-5).
   Int:       It affects your intelligence (+6).
   Dex:       It affects your dexterity (+4).
   rC:        It protects you from cold.
   rElec:     It insulates you from electricity.
   Stlth:     It makes you more stealthy.
 U - the amulet "Waku" (around neck) {Reflect Will++ Regen+ Str-5 SH+5}
   (You bought it in a shop on level 3 of the Dungeon)

   [amulet of reflection]

   It reflects blocked missile attacks.
   Str:       It affects your strength (-5).
   Regen:     It increases your rate of health regeneration.
   SH:        It affects your SH (+5).
   Will:      It greatly increases your willpower.
Wands
 t - a wand of acid (46)
 L - a wand of iceblast (44)
 N - a wand of digging (10)
 T - a wand of flame (72)
Scrolls
 d - 3 scrolls of silence
 e - 16 scrolls of teleportation
 j - 8 scrolls of fear
 l - 11 scrolls of blinking
 r - 23 scrolls of identify
 s - 8 scrolls of immolation
 u - 5 scrolls of vulnerability
 v - 6 scrolls of holy word
 G - 6 scrolls of fog
 Q - 5 scrolls of magic mapping
 V - 10 scrolls of enchant weapon
 X - 3 scrolls of brand weapon
Potions
 c - 31 potions of curing
 g - 11 potions of lignification
 n - 8 potions of mutation
 p - 12 potions of attraction
 q - 6 potions of might
 z - 3 potions of ambrosia
 A - 4 potions of berserk rage
 B - 6 potions of resistance
 C - 9 potions of heal wounds
 E - 5 potions of haste
 F - 2 potions of invisibility
 S - 2 potions of cancellation


   Skills:
 O Level 27 Fighting
 - Level 8.6 Long Blades
 + Level 25.6 Maces & Flails
 + Level 22.9 Armour
 + Level 22.9 Dodging
 + Level 20.1 Shields


You had 26 spell levels left.
You didn't know any spells.
Your spell library was empty.

Dungeon Overview and Level Annotations

Branches:
Dungeon (15/15)            Temple (0/1) D:5            Lair (6/6) D:8
  Swamp (4/4) Lair:3        Snake (4/4) Lair:4        Slime (0/5) Lair:5
    Orc (2/2) D:9             Elf (3/3) Orc:2        Vaults (5/5) D:14
  Crypt (3/3) Vaults:3       Tomb (0/3) Crypt:3      Depths (5/5) D:15
    Zot (5/5) Depths:5

Altars:
Cheibriados
Elyvilon
Hepliaklqana
Kikubaaqudgha
Okawaru
Trog
Vehumet
Wu Jian
Xom
Yredelemnul
Zin
The Shining One
Beogh
Jiyva

Shops:
D:1 *   D:3 =   D:6 *   D:14 ??(=   Orc:2 (*=[*   Elf:2 [(*=   Snake:1 *
Snake:3 *:(*   Snake:4 **   Vaults:2 ?   Vaults:3 ?   Depths:3 *

Portals:
Hell: Depths:1 Depths:2 Depths:3 Depths:4 Depths:5
Abyss: Depths:4
Pandemonium: Depths:1 Depths:2 Depths:3
Ziggurat: Depths:2

Annotations:
D:9 1 exclusion
D:14 exclusion: 3 doors
Lair:2 exclusion: ice statue
Lair:4 exclusion: 2 oklob plants
Lair:6 2 transporters, IHuginn's ghost, journeyman TrHu
Swamp:2 3 runed translucent doors, Buem's ghost, adept OgAM
Elf:2 Roxanne
Crypt:3 exclusion: 3 doors
Depths:1 exclusion: orange crystal statue
Zot:1 3 runed translucent doors, Uneer's ghost, legendary GnFE
Zot:2 exclusion: 2 upstairs


Innate Abilities, Weirdness & Mutations

You have a beak for a mouth.
You have claws for feet.
Your magical nature lets you fly swiftly and evasively.
You are partially covered in iridescent scales. (AC +2)
Your magical capacity is low. (-10% MP)
You sometimes lose the ability to read scrolls when taking damage.


Message History

(H) Hell (Z) Zot
Where to? (Enter - D:1 @ (x,y), ? - help)
A large abomination comes into view.
Unknown command.
Unknown command.
Items here: )) [[.
There is a stone staircase leading up here.
You see here a +2 dagger of holy wrath.
You fly upwards.
There is a stone staircase leading down here.
(D) Dungeon (T) Temple (L) Lair (S) Swamp (P) Snake Pit (M) Slime Pits (O) Orcish Mines (E) Elven Halls (V) Vaults (C) Crypt (W) Tomb (U) Depths (H) Hell (Z) Zot
Where to? (Enter - D:1 @ (x,y), ? - help)
What level of the Dungeon? (default 1, ? - help)
You see here a +0 whip.
A reaper comes into view. It is wielding a +1 scythe of freezing.
Aiming: Dig
Press: ? - help, Shift-Dir - straight line A rock wall.
This square is covered in magical glow.
The rock shatters into small pieces.
A torturous warmonger comes into view.
It is wielding a +1 demon whip of draining and wearing a +1 kite shield of protection.
There is a stone staircase leading up here.
You fly upwards.
There is a stone staircase leading down here.
Aiming: Dig
Press: ? - help, Shift-Dir - straight line A rock wall.
This square is covered in magical glow.
The rock shatters into small pieces.
Aiming: Dig
Press: ? - help, Shift-Dir - straight line A rock wall.
This square is covered in magical glow.
The rock shatters into small pieces.
h - 1794 stones (gained 15)
There is a staircase leading out of the dungeon here.
You have escaped!

.# #.# ##..P...# .##
##.# #......# ..## #..#
##[...### ##.#######
#.....).#
###....######.#####.#
.##..##.##..#######.###
####..##.#.#.##..##...#
..##.#...#.##....##.#.#
#....#....#####.@##.#.#
####.#.#..###....#..#.#
....###.#....##..####.#
##### ####.####### #.#
#######.###.# #.#
........# #.# #.#
##.###.##############.#
#.##.................#
#.##..################


There were no monsters in sight!

Vanquished Creatures
  6 dread liches
  9 orbs of fire
  2 ancient liches (Zot:5)
  A juggernaut (D:15)
  Sojobo (Vaults:2)
  Frederick (Depths:5)
  A shard shrike (Zot:1)
  Margery (Depths:5)
  3 Killer Klowns (Zot:5)
  A caustic shrike (Depths:5)
  18 golden dragons
  4 electric golems
  A hellephant (Abyss:3)
  An Ice Fiend (D:14)
  A Hell Sentinel (D:8)
  23 tentacled monstrosities
  4 liches
  Asterion (Snake:4)
  27 Orb Guardians
  6 titans
  2 deep elf blademasters (Elf:3)
  2 deep elf master archers (Elf:3)
  6 quicksilver dragons
  An acid blob (Zot:1)
  Frances (Snake:2)
  9 death cobs
  7 ancient champions
  A tentacled starspawn (Abyss:3)
  8 sphinxes
  9 shadow dragons
  8 storm dragons
  A thorn hunter (Swamp:4)
  8 tengu reavers
  Donald (Vaults:3)
  6 nagarajas
  A revenant (Crypt:1)
  9 draconian monks
  2 iron dragons (Depths:5)
  8 draconian knights
  14 frost giants
  4 draconian scorchers
  13 ghouls
  5 draconian shifters
  4 deep elf sorcerers
  2 ghost moths (Zot:5)
  22 vault wardens
  11 fire giants
  A balrug (Zot:1)
  5 orc warlords
  4 deep elf elementalists
  3 draconian stormcallers
  5 curse skulls
  9 draconian annihilators
  Aizul (Snake:2)
  27 stone giants
  5 war gargoyles
  19 ironbound preservers
  38 very ugly things
  8 vampire knights
  6 deep elf annihilators
  9 green draconians
  8 deep elf demonologists
  16 black draconians
  6 starcursed masses (Abyss:3)
  Azrael (Elf:1)
  20 white draconians
  17 red draconians
  7 dire elephants
  12 yellow draconians
  15 spark wasps
  2 entropy weavers
  7 bunyips
  12 purple draconians
  9 eleionomae
  2 eidola
  2 merfolk impalers (Depths:1)
  16 fire dragons
  A crystal guardian (Vaults:1)
  A green death (Depths:3)
  Josephine (Snake:1)
  15 ettins
  2 deep elf high priests (Elf:3)
  9 deep elf death magi
  13 jiangshi
  13 great orbs of eyes
  10 rakshasas
  2 shambling mangroves
  13 ice dragons
  40 vault guards
  21 yaktaur captains
  12 ironbound thunderhulks
  11 naga warriors
  35 hydras
  A catoblepas (Lair:6)
  7 boulder beetles
  A salamander tyrant (Snake:4)
  7 anacondas
  5 spriggan air magi
  3 peacekeepers
  7 death yaks
  5 ironbound frosthearts
  10 centaur warriors
  2 ogre magi
  3 death knights
  A two-headed ogre (shapeshifter) (Depths:1)
  A two-headed ogre (D:9)
  10 alligators
  An alligator snapping turtle (shapeshifter) (Vaults:5)
  9 deep troll shamans
  2 merfolk avatars (Swamp:4)
  31 dancing weapons
  11 deep troll earth magi
  8 thrashing horrors
  6 ironbound beastmasters
  12 vampire magi
  4 orc high priests
  16 tengu warriors
  10 hell knights
  4 shock serpents
  A storm dragon zombie (Crypt:2)
  12 naga sharpshooters
  7 spriggan berserkers
  A sixfirhy (Abyss:3)
  17 deep elf knights
  Nergalle (Orc:1)
  8 spriggans
  3 titan skeletons
  11 iron trolls
  2 salamander mystics
  A death drake (Swamp:4)
  4 goliath frogs
  An iron giant zombie (Crypt:1)
  2 wretched stars (Abyss:3)
  A spatial maelstrom (Abyss:2)
  2 spriggan druids
  10 skeletal warriors
  3 sea snakes (Snake:3)
  62 deep trolls
  9 bog bodies
  5 naga ritualists
  6 flayed ghosts
  24 deep elf zephyrmancers
  9 swamp dragons
  2 lindwurms
  8 deep elf archers
  A gelid demonspawn (Depths:3)
  4 glowing orange brains
  10 wizards
  2 anaconda skeletons
  8 phantasmal warriors
  Pikel (D:6)
  8 necromancers
  20 ironbound convokers
  8 harpies
  A shadow dragon zombie (Crypt:1)
  A golden dragon skeleton (Crypt:2)
  20 deep elf pyromancers
  24 orc knights
  A mana viper (shapeshifter) (Vaults:5)
  10 mana vipers
  A shining eye (shapeshifter) (Vaults:4)
  16 ugly things
  3 orc sorcerers
  5 salamanders
  A cyclops (shapeshifter) (Vaults:5)
  4 will-o-the-wisps
  18 moths of wrath
  3 cyclopes
  An eleionoma zombie (Crypt:1)
  23 elephants
  A fire giant zombie (Crypt:1)
  A worldbinder (Abyss:3)
  Joseph (Lair:1)
  2 moths of wrath (shapeshifter)
  3 manticores
  A fire giant skeleton (Crypt:2)
  An elephant (shapeshifter) (Vaults:2)
  18 naga magi
  2 guardian serpents (Snake:2)
  A rust devil (Depths:3)
  29 black mambas
  An apocalypse crab (Vaults:1)
  14 vault sentinels
  2 orange demons
  A stone giant skeleton (Crypt:2)
  2 torpor snails
  Maurice (D:11)
  A frost giant skeleton (Crypt:1)
  A gargoyle (D:12)
  A torpor snail (shapeshifter) (Depths:4)
  2 smoke demons
  A pale draconian zombie (Crypt:3)
  3 unseen horrors
  14 cane toads
  3 kobold demonologists
  2 rime drakes
  10 freezing wraiths
  8 tengu conjurers
  6 komodo dragons
  A white draconian skeleton (Crypt:2)
  A minotaur skeleton (Crypt:2)
  An efreet (D:12)
  34 yaktaurs
  A red draconian skeleton (Crypt:1)
  3 ancient zymes
  A troll (shapeshifter) (D:15)
  3 polar bears
  10 trolls
  A polar bear (shapeshifter) (Depths:3)
  8 large abominations
  11 hornets
  10 blink frogs (Lair:6)
  38 slime creatures
  3 raiju (Abyss:3)
  A stone giant simulacrum (Crypt:2)
  12 tyrant leeches
  4 dream sheep (Lair:2)
  A frost giant simulacrum (Crypt:2)
  A fire dragon zombie (Crypt:2)
  2 ice dragon zombies
  A redback (shapeshifter) (Vaults:4)
  5 air elementals
  2 flying skulls (Crypt:3)
  A yak (shapeshifter) (Vaults:5)
  12 wraiths
  2 spriggans (shapeshifter) (D:13)
  An alligator skeleton (Crypt:1)
  A tarantella (shapeshifter) (Vaults:1)
  A water elemental (D:14)
  5 wyverns
  An ettin skeleton (Crypt:3)
  A shadow (D:9)
  6 small abominations (Abyss:3)
  A satyr skeleton (Crypt:1)
  6 fire elementals
  33 yaks
  A black mamba skeleton (Crypt:2)
  5 basilisks
  Menkaure (D:7)
  2 neqoxecs
  A monstrous demonspawn zombie (Crypt:3)
  17 vampire mosquitoes
  5 chaos spawn
  20 swamp worms
  42 nagas
  10 wargs
  A spatial vortex (Abyss:2)
  An acid dragon (D:12)
  16 water moccasins
  A cane toad zombie (Crypt:1)
  3 floating eyes (Depths:5)
  2 hell hounds (Elf:1)
  49 orc warriors
  An alligator simulacrum (Crypt:2)
  11 swamp drakes
  A black bear (D:4)
  2 sky beasts
  7 ice beasts (Lair:2)
  10 ogres
  An ettin simulacrum (Crypt:2)
  5 necrophages
  25 wolves
  2 boggarts (Depths:1)
  8 centaurs
  5 kobold brigands
  15 bullfrogs
  2 scorpions
  A palentonga skeleton (Crypt:2)
  3 earth elementals
  2 gnoll sergeants
  A cyclops zombie (Crypt:1)
  A shapeshifter zombie (Crypt:1)
  18 killer bees
  A swamp dragon simulacrum (Crypt:1)
  11 wights
  A queen bee zombie (Crypt:2)
  10 howler monkeys
  A snapping turtle simulacrum (Crypt:2)
  9 electric eels
  2 spriggan skeletons (Crypt:3)
  6 centaur zombies
  2 quasits (Abyss:3)
  4 hounds
  A human zombie (Crypt:3)
  A jelly (Abyss:3)
  2 gnoll shamans
  25 orc priests
  A bullfrog skeleton (D:5)
  3 iguanas
  A human skeleton (Crypt:2)
  5 centaur skeletons
  A black bear skeleton (Crypt:2)
  A scorpion zombie (D:5)
  17 orc wizards
  3 killer bee zombies
  An acid dragon skeleton (Crypt:1)
  25 gnolls
  2 howler monkey skeletons
  A howler monkey zombie (D:6)
  A swamp drake zombie (Crypt:2)
  5 adders
  A shadow imp (Abyss:3)
  5 white imps
  An ufetubus (Abyss:3)
  An iguana zombie (Crypt:3)
  4 worms
  A dart slug (D:2)
  109 orcs
  7 endoplasms
  2 giant cockroaches
  3 goblins
  14 hobgoblins
  2 jackals (D:4)
  A quokka (D:1)
  4 ball pythons
  7 bats
  A dart slug zombie (Crypt:1)
  8 frilled lizards
  A goblin skeleton (Crypt:3)
  36 kobolds
  An orc skeleton (Crypt:2)
  9 rats
2369 creatures vanquished.

Vanquished Creatures (collateral kills)
  Vashnia (Snake:2)
  A tentacled monstrosity (Swamp:4)
  A thorn hunter (Swamp:4)
  A hell knight (Depths:5)
4 creatures vanquished.

Vanquished Creatures (others)
  A draconian knight (Zot:2)
  A deep elf high priest (Elf:1)
  A deep elf archer (Elf:2)
  A deep elf pyromancer (Elf:1)
  3 bloated husks
  A raiju (Abyss:2)
  A water elemental (Elf:2)
  A vampire mosquito (Swamp:2)
  A small abomination (Abyss:2)
  5 demonic plants (D:2)
  18 foxfires
  51 fungi
  A lurking horror (Abyss:3)
  188 plants
  6 starspawn tentacles (Abyss:3)
  4 withered plants (D:2)
284 creatures vanquished.

Grand Total: 2657 creatures vanquished

Notes
Turn   | Place    | Note
-------+----------+-------------------------------------------
     0 | D:1      | toffzen the Tengu Berserker began the quest for the Orb.
     0 | D:1      | Reached XP level 1. HP: 14/14 MP: 2/2
   279 | D:1      | Found Imuf's Assorted Antiques.
   303 | D:1      | Reached XP level 2. HP: 19/19 MP: 3/3
   797 | D:1      | Reached XP level 3. HP: 22/23 MP: 4/4
  1148 | D:2      | Reached ** piety under Trog
  1265 | D:2      | Found a faded altar of an unknown god.
  1468 | D:2      | Reached XP level 4. HP: 28/28 MP: 5/5
  1533 | D:2      | You fall into a shaft and drop 2 floors!
  1537 | D:4      | Gained mutation: Your magical nature lets you fly swiftly
                  | and evasively. [Tengu growth]
  1537 | D:4      | Reached XP level 5. HP: 32/32 MP: 6/6
  1686 | D:4      | Reached skill level 5 in Maces & Flails
  1789 | D:4      | Reached XP level 6. HP: 7/38 MP: 7/7
  1793 | D:4      | Reached skill level 4 in Fighting
  2162 | D:4      | Found a glowing golden altar of the Shining One.
  2463 | D:4      | Noticed a black bear
  2465 | D:4      | Killed a black bear
  2466 | D:4      | Reached XP level 7. HP: 44/44 MP: 8/8
  2723 | D:3      | Found Pejinerha's Jewellery Shop.
  3026 | D:2      | Reached *** piety under Trog
  4295 | D:4      | Reached XP level 8. HP: 48/48 MP: 9/9
  4756 | D:5      | Entered Level 5 of the Dungeon
  4846 | D:5      | Reached skill level 5 in Fighting
  4862 | D:5      | Reached skill level 5 in Armour
  4939 | D:5      | Found a staircase to the Ecumenical Temple.
  5105 | D:5      | Reached skill level 5 in Dodging
  5170 | D:5      | Reached **** piety under Trog
  5774 | D:6      | Noticed Pikel
  5784 | D:6      | Killed Pikel
  5785 | D:6      | Reached XP level 9. HP: 55/55 MP: 10/10
  5852 | D:6      | Reached skill level 6 in Fighting
  5878 | D:6      | Found Puacrets's Neck Hole.
  6464 | D:7      | Noticed Menkaure
  6470 | D:7      | Killed Menkaure
  7475 | D:7      | Found a hazy altar of Hepliaklqana.
  7482 | D:7      | Found an iron altar of Okawaru.
  7484 | D:7      | Found a snail-covered altar of Cheibriados.
  7790 | D:8      | Reached skill level 10 in Maces & Flails
  7790 | D:8      | Reached XP level 10. HP: 59/61 MP: 11/11
  7798 | D:8      | Identified a scroll of acquirement
  7798 | D:8      | Acquired the +2 morningstar of Mafatomi {flame, rPois rC++
                  | rN++}
  7895 | D:8      | Noticed a death yak
  7898 | D:8      | Noticed a death yak
  7908 | D:7      | Reached skill level 7 in Fighting
  8289 | D:8      | Found a staircase to the Lair.
  8291 | D:8      | Noticed a death yak
  8306 | D:8      | Killed a death yak
  8311 | D:8      | Killed a death yak
  8321 | D:8      | Killed a death yak
  8322 | D:8      | Reached skill level 8 in Fighting
  8322 | D:8      | Reached XP level 11. HP: 68/68 MP: 12/12
  8664 | D:8      | Found an ancient bone altar of Kikubaaqudgha.
  9131 | D:9      | Reached ***** piety under Trog
  9168 | D:9      | Upgraded the game from 0.27.1 to 0.27.1-1-g398f81649c
  9389 | D:9      | Found a staircase to the Orcish Mines.
  9413 | D:9      | Received a gift from Trog
  9418 | D:9      | Found an ornate altar of the Wu Jian Council.
  9421 | D:9      | Noticed a two-headed ogre
  9421 | D:9      | Identified the +9 quarterstaff of Eternal Vigilance {chaos,
                  | +Blink rCorr}
  9554 | D:9      | Noticed a tengu warrior
  9603 | D:9      | Killed a tengu warrior
  9788 | D:9      | Killed a two-headed ogre
 10475 | D:9      | Reached skill level 9 in Fighting
 10837 | D:9      | Identified the +6 leather armour "Lufi" {Fly rC++ rCorr
                  | Slay-6}
 11067 | D:10     | Entered Level 10 of the Dungeon
 11343 | D:10     | Reached XP level 12. HP: 63/76 MP: 13/13
 11494 | D:10     | Reached skill level 1 in Shields
 12157 | Lair:1   | Entered Level 1 of the Lair of Beasts
 12354 | Lair:1   | Noticed an eight-headed hydra
 12361 | Lair:1   | Killed an eight-headed hydra
 12630 | Lair:1   | Noticed Joseph
 12639 | Lair:1   | Killed Joseph
 12802 | Lair:1   | Reached skill level 10 in Armour
 12836 | Lair:1   | Reached skill level 10 in Dodging
 13104 | Lair:1   | Upgraded the game from 0.27.1-1-g398f81649c to
                  | 0.27.1-3-gb3d3a73c9e
 13154 | Lair:2   | Noticed a seven-headed hydra
 13160 | Lair:2   | Killed a seven-headed hydra
 13327 | Lair:2   | Identified the -3 cloak of the Turtledove {Rampage Dex+4}
 14762 | Lair:3   | Reached skill level 10 in Fighting
 14820 | Lair:3   | Reached XP level 13. HP: 82/82 MP: 14/14
 15758 | Lair:3   | Found a staircase to the Swamp.
 15850 | Lair:3   | Found a basalt altar of Yredelemnul.
 16511 | Lair:4   | Found a staircase to the Snake Pit.
 16820 | Lair:4   | Reached skill level 5 in Shields
 17000 | Lair:4   | Reached skill level 15 in Maces & Flails
 18911 | Lair:5   | Found a viscous altar of Jiyva.
 18911 | Lair:5   | Found a staircase to the Slime Pits.
 19013 | Lair:5   | Reached XP level 14. HP: 59/88 MP: 15/15
 19439 | Lair:6   | Entered Level 6 of the Lair of Beasts
 19542 | Lair:5   | Reached skill level 11 in Fighting
 20143 | Lair:6   | Found the +5 sword of Power {vorpal}
 20155 | Lair:6   | Noticed IHuginn's ghost (journeyman TrHu)
 20169 | Lair:6   | Found a transporter.
 20587 | Lair:6   | Received a gift from Trog
 20908 | Lair:6   | Identified the +0 pair of boots "Oluirikh" {Fly rCorr}
 21153 | Lair:6   | Found a transporter.
 21509 | Orc:1    | Entered Level 1 of the Orcish Mines
 21638 | D:11     | Noticed Maurice
 21645 | D:11     | Killed Maurice
 21953 | D:11     | Reached XP level 15. HP: 95/96 MP: 16/16
 22308 | D:11     | Found a glowing silver altar of Zin.
 22810 | D:12     | Acquired the +8 demon whip of Subjectivity {venom, rPois
                  | Dex+4}
 24450 | D:13     | Reached ****** piety under Trog
 24650 | D:13     | Received a gift from Trog
 25157 | D:13     | Reached skill level 12 in Fighting
 26087 | D:14     | Found Rim Zafi's Antique Weapon Shoppe.
 26090 | D:14     | Bought a sapphire morningstar for 225 gold pieces
 26090 | D:14     | Identified the +9 morningstar "Tuhug" {vorpal, Contam +Rage
                  | rF+ rC+} (You bought it in a shop on level 14 of the
                  | Dungeon)
 26110 | D:14     | Found Fywn's Jewellery Shoppe.
 26542 | D:14     | Gained mutation: You occasionally shout uncontrollably at
                  | your foes. [mutagenic glow]
 26915 | D:14     | Found a gate to the Vaults.
 26958 | D:14     | Found a flickering gateway to a bazaar.
 26973 | Bazaar   | Entered a bazaar
 26975 | Bazaar   | Found Fyloefol's Antique Armour Boutique.
 26979 | Bazaar   | Found Hodeidgh's Antique Armour Boutique.
 26979 | Bazaar   | Found Zedghueg's Assorted Antiques.
 26979 | Bazaar   | Found Qaxt's Antique Weapon Boutique.
 27019 | Bazaar   | Bought a scroll of magic mapping for 77 gold pieces
 27019 | Bazaar   | Bought a potion of curing for 66 gold pieces
 27244 | D:14     | Found Asidiut's Magic Scroll Boutique.
 27254 | D:14     | Bought a scroll of acquirement for 884 gold pieces
 27254 | D:14     | Acquired the ring of Buppoc {+Blink AC+4 Slay+3 Stlth+}
 27267 | D:14     | Found Laseag's Magic Scroll Boutique.
 27275 | D:14     | Bought 2 scrolls of teleportation for 84 gold pieces
 27275 | D:14     | Bought a scroll of blinking for 105 gold pieces
 27606 | D:14     | Found a hazy altar of Hepliaklqana.
 27746 | D:15     | Entered Level 15 of the Dungeon
 28290 | D:15     | Cast into level 2 of the Abyss (a wizard)
 28290 | Abyss:2  | Found a corrupted altar of Lugonu.
 28321 | Abyss:2  | Received a gift from Trog
 28736 | D:15     | Escaped the Abyss
 28794 | D:15     | Reached XP level 16. HP: 103/103 MP: 17/17
 28799 | D:15     | Found a staircase to the Depths.
 29376 | Orc:2    | Entered Level 2 of the Orcish Mines
 29377 | Orc:2    | Found Vassyke's Antique Weapon Shop.
 29381 | Orc:2    | Found Dibriemm's General Store.
 29862 | Orc:2    | Found Archiwn's Antique Armour Shop.
 29863 | Orc:2    | Found a staircase to the Elven Halls.
 30409 | Orc:2    | Found Fuskub's Jewellery Emporium.
 30444 | Orc:2    | Bought a turquoise-encrusted plate armour for 588 gold
                  | pieces
 30444 | Orc:2    | Identified the +1 plate armour of the Gloaming {Drain rF+++
                  | rC+} (You bought it in a shop on level 2 of the Orcish
                  | Mines)
 30738 | Orc:2    | Found Vokaroqi's General Store.
 31125 | Orc:1    | Found a bloodstained altar of Trog.
 31146 | Orc:1    | Noticed Nergalle
 31302 | Orc:2    | Received a gift from Trog
 31327 | Orc:1    | Killed Nergalle
 32802 | Snake:1  | Entered Level 1 of the Snake Pit
 33030 | Snake:1  | Noticed a nagaraja
 33065 | Snake:1  | Killed a nagaraja
 33863 | Snake:1  | Noticed Josephine
 33877 | Snake:1  | Killed Josephine
 33930 | Snake:1  | Found Zerutiu's Assorted Antiques.
 33939 | Snake:1  | Bought a potion of heal wounds for 115 gold pieces
 33998 | Snake:2  | Noticed Frances
 34008 | Snake:2  | Killed Frances
 34009 | Snake:2  | Reached skill level 13 in Fighting
 34039 | Snake:2  | Noticed Vashnia
 35185 | Snake:2  | Received a gift from Trog
 35578 | Snake:2  | Noticed Aizul
 35594 | Snake:2  | Killed Aizul
 35595 | Snake:2  | Reached skill level 10 in Shields
 35595 | Snake:2  | Reached XP level 17. HP: 51/108 MP: 18/18
 37632 | Snake:2  | Killed Vashnia
 38512 | Snake:3  | Found Okot's Book Shoppe.
 38514 | Snake:3  | Found Veoralor's Assorted Antiques.
 38514 | Snake:3  | Found Gextal's Assorted Antiques.
 38518 | Snake:3  | Found Dizyvuy's Antique Weapon Emporium.
 38530 | Snake:3  | Bought a potion of heal wounds for 135 gold pieces
 38530 | Snake:3  | Bought an ancient bone ring for 135 gold pieces
 38530 | Snake:3  | Identified the ring "Zanuker" {Fire rN+ rCorr} (You bought
                  | it in a shop on level 3 of the Snake Pit)
 39327 | Snake:3  | Found an ancient bone altar of Kikubaaqudgha.
 39533 | Snake:4  | Entered Level 4 of the Snake Pit
 39536 | Snake:4  | Noticed Asterion
 39606 | Snake:4  | Killed Asterion
 39964 | Snake:4  | Reached skill level 14 in Fighting
 40815 | Snake:4  | Found Miakhupp's Specific Store.
 40816 | Snake:4  | Found Vuarch's General Store.
 41971 | Snake:4  | Reached skill level 15 in Fighting
 42168 | Snake:4  | Reached XP level 18. HP: 111/119 MP: 19/19
 42786 | Snake:4  | Received a gift from Trog
 42886 | Snake:4  | Got a serpentine rune of Zot
 43050 | Swamp:1  | Entered Level 1 of the Swamp
 43130 | Swamp:1  | Reached skill level 16 in Fighting
 44394 | Swamp:2  | Found a runed translucent gate.
 44395 | Swamp:2  | Found a runed translucent gate.
 44395 | Swamp:2  | Found a runed translucent gate.
 44397 | Swamp:2  | Noticed Buem's ghost (adept OgAM)
 44881 | Swamp:2  | Reached skill level 17 in Fighting
 45185 | Swamp:2  | You are sucked into a shaft and drop 1 floor!
 45770 | Swamp:3  | Received a gift from Trog
 46221 | Swamp:4  | Entered Level 4 of the Swamp
 46546 | Swamp:4  | Reached skill level 18 in Fighting
 46634 | Swamp:4  | Identified the +1 great sword "Jellybane" {protect, Dex+2}
 46980 | Swamp:4  | Reached XP level 19. HP: 127/130 MP: 20/20
 47104 | Swamp:4  | Noticed a tentacled monstrosity
 47117 | Swamp:4  | Killed a tentacled monstrosity
 47357 | Swamp:4  | Reached skill level 19 in Fighting
 47621 | Swamp:4  | Got a decaying rune of Zot
 48108 | Vaults:1 | Entered Level 1 of the Vaults
 48140 | Vaults:1 | Received a gift from Trog
 48180 | Vaults:1 | Cast into level 3 of the Abyss (a wizard)
 48498 | Abyss:3  | Found a corrupted altar of Lugonu.
 48911 | Vaults:1 | Escaped the Abyss
 49646 | Vaults:1 | Reached skill level 20 in Fighting
 50826 | Vaults:1 | Reached XP level 20. HP: 110/142 MP: 21/21
 51320 | Vaults:1 | Reached skill level 21 in Fighting
 51689 | Vaults:2 | Noticed Sojobo
 53789 | Vaults:2 | Paralysed by an air elemental for 1 turns
 53794 | Vaults:2 | Killed Sojobo
 54338 | Vaults:2 | Reached skill level 22 in Fighting
 54427 | Vaults:2 | Identified the +0 chain mail of Qirrips {Harm rF+}
 54547 | Vaults:2 | Found Bypisikit's Magic Scroll Shop.
 54557 | Vaults:2 | Bought a scroll of magic mapping for 63 gold pieces
 55590 | Vaults:2 | Received a gift from Trog
 55759 | Vaults:3 | Noticed Donald
 56010 | Vaults:3 | Killed Donald
 56448 | D:3      | Bought the amulet "Waku" {Reflect Will++ Regen+ Str-5 SH+5}
                  | for 383 gold pieces
 56969 | Vaults:3 | Reached XP level 21. HP: 152/152 MP: 22/22
 57128 | Vaults:3 | Reached skill level 23 in Fighting
 57556 | Vaults:3 | Found a staircase to the Crypt.
 57556 | Vaults:3 | Found a basalt altar of Yredelemnul.
 57557 | Vaults:3 | Found an ancient bone altar of Kikubaaqudgha.
 57577 | Vaults:3 | Found Enluku Xivi's Magic Scroll Shoppe.
 58127 | Vaults:4 | Received a gift from Trog
 58191 | Vaults:4 | Found a huge runed gate.
 58191 | Vaults:4 | Found a huge runed gate.
 58191 | Vaults:4 | Found a huge runed gate.
 58191 | Vaults:4 | Found a huge runed gate.
 58191 | Vaults:4 | Found a huge runed gate.
 58191 | Vaults:4 | Found a huge runed gate.
 58191 | Vaults:4 | Found a huge runed gate.
 58191 | Vaults:4 | Found a huge runed gate.
 58191 | Vaults:4 | Found a huge runed gate.
 58239 | Vaults:4 | Found a huge runed gate.
 58239 | Vaults:4 | Found a huge runed gate.
 58239 | Vaults:4 | Found a huge runed gate.
 58239 | Vaults:4 | Found a huge runed gate.
 58265 | Vaults:4 | Found a huge runed gate.
 58266 | Vaults:4 | Found a huge runed gate.
 58267 | Vaults:4 | Found a huge runed gate.
 58268 | Vaults:4 | Found a huge runed gate.
 58269 | Vaults:4 | Found a huge runed gate.
 58431 | Vaults:4 | Found a huge runed gate.
 58568 | Vaults:4 | Found a huge runed gate.
 58568 | Vaults:4 | Found a huge runed gate.
 58568 | Vaults:4 | Found a huge runed gate.
 58568 | Vaults:4 | Found a huge runed gate.
 58617 | Vaults:4 | Found a huge runed gate.
 58617 | Vaults:4 | Found a huge runed gate.
 58617 | Vaults:4 | Found a huge runed gate.
 58617 | Vaults:4 | Found a huge runed gate.
 58617 | Vaults:4 | Found a huge runed gate.
 58617 | Vaults:4 | Found a huge runed gate.
 58618 | Vaults:4 | Found a huge runed gate.
 58619 | Vaults:4 | Found a huge runed gate.
 58620 | Vaults:4 | Found a huge runed gate.
 58629 | Vaults:4 | Found a huge runed gate.
 58629 | Vaults:4 | Found a huge runed gate.
 58629 | Vaults:4 | Found a huge runed gate.
 58629 | Vaults:4 | Found a huge runed gate.
 58691 | Vaults:4 | Reached skill level 24 in Fighting
 58695 | Vaults:4 | Received a gift from Trog
 59481 | Vaults:4 | Noticed a dread lich
 59501 | Vaults:4 | Killed a dread lich
 59502 | Vaults:4 | Reached XP level 22. HP: 163/163 MP: 23/23
 59528 | Vaults:3 | Received a gift from Trog
 59919 | Elf:1    | Entered Level 1 of the Elven Halls
 60014 | Elf:1    | Reached skill level 1 in Long Blades
 60016 | Elf:1    | Noticed Azrael
 60043 | Elf:1    | Killed Azrael
 60187 | Elf:1    | Cast into level 3 of the Abyss (+2 spear of distortion)
 60369 | Abyss:3  | Paralysed by an air elemental for 1 turns
 60407 | Abyss:3  | Paralysed by accursed screaming for 1 turns
 60506 | Abyss:3  | Reached skill level 5 in Long Blades
 60569 | Abyss:4  | Found a corrupted altar of Lugonu.
 60621 | Elf:1    | Escaped the Abyss
 60903 | Elf:1    | Received a gift from Trog
 61551 | Elf:2    | Acquired 1097 gold pieces
 61634 | Elf:2    | Found Zuquy's Assorted Antiques.
 61666 | Elf:2    | Identified Roxanne's Compendium of Shape Shifting
 61666 | Elf:2    | Noticed Roxanne
 61703 | Elf:2    | Reached skill level 25 in Fighting
 61710 | Elf:2    | Found Koduqam's Jewellery Boutique.
 61797 | Elf:2    | Paralysed by an air elemental for 1 turns
 61803 | Elf:2    | Paralysed by an air elemental for 1 turns
 61971 | Elf:2    | Found a runed translucent gate.
 61974 | Elf:2    | Found a runed translucent gate.
 61974 | Elf:2    | Found a runed translucent gate.
 62052 | Elf:2    | Found Opil's Antique Armour Shop.
 62112 | Elf:2    | Bought the +3 pair of gauntlets of War {Slay+5} for 1330
                  | gold pieces
 62112 | Elf:2    | Found the +3 pair of gauntlets of War {Slay+5}
 62330 | Elf:2    | Found Pothry's Antique Weapon Shoppe.
 63189 | Elf:2    | Identified the +6 long sword of Eternal Vigilance {vorpal,
                  | Drain Dex+3 Stlth+} (Trog gifted it to you on level 2 of
                  | the Elven Halls)
 63189 | Elf:2    | Received a gift from Trog
 63742 | Depths:1 | Entered Level 1 of the Depths
 63874 | Depths:1 | Found a gateway to Hell.
 63919 | Depths:1 | Noticed a juggernaut
 64054 | D:15     | Killed a juggernaut
 64055 | D:15     | Reached skill level 26 in Fighting
 64055 | D:15     | Reached XP level 23. HP: 172/172 MP: 24/24
 64201 | Depths:1 | Noticed a golden dragon
 64215 | Depths:1 | Killed a golden dragon
 64497 | Depths:1 | Received a gift from Trog
 64572 | Depths:1 | Identified the +8 hunting sling of War {freeze, rElec rPois
                  | rC+ rN+}
 64950 | Depths:1 | Reached skill level 27 in Fighting
 65578 | Depths:1 | Received a gift from Trog
 65786 | Depths:1 | Found a one-way gate leading to the halls of Pandemonium.
 66305 | Depths:2 | Reached XP level 24. HP: 125/181 MP: 24/24
 66612 | Depths:2 | Found a gateway to a ziggurat.
 66973 | Depths:3 | Reached skill level 15 in Armour
 67165 | Depths:3 | Reached skill level 15 in Dodging
 67177 | Depths:3 | Received a gift from Trog
 67401 | Depths:3 | Found Nume's Assorted Antiques.
 67409 | Depths:3 | Bought a glimmering kite shield for 418 gold pieces
 67409 | Depths:3 | Identified the +0 kite shield "Muiqia" {Str-4 Int+4 Dex+8
                  | Slay+5} (You bought it in a shop on level 3 of the Depths)
 67409 | Depths:3 | Bought 2 fuming purple potions for 79 gold pieces
 68539 | Depths:3 | Identified the amulet of Moodiness {Faith Int-4 Slay+6}
 68542 | Depths:3 | Identified the ring "Wegytexo" {Wiz rN+}
 68545 | Depths:3 | Identified the ring "Ynel" {rC+ rN+ Will+ Str+6}
 68862 | Depths:4 | Found a one-way gate to the infinite horrors of the Abyss.
 69017 | Depths:4 | Found a radiant altar of Vehumet.
 69150 | Depths:4 | You are sucked into a shaft and drop 1 floor!
 69150 | Depths:5 | Entered Level 5 of the Depths
 69228 | Depths:5 | Identified the ring "Guyv" {rF+ Will+ Str+3 Int+5 Dex-5}
 69248 | Depths:5 | Noticed a caustic shrike
 69258 | Depths:5 | Killed a caustic shrike
 69508 | Depths:4 | Received a gift from Trog
 70024 | Depths:5 | Found a glowing silver altar of Zin.
 70064 | Depths:5 | Reached XP level 25. HP: 154/187 MP: 24/24
 70200 | Depths:5 | Found a shimmering altar of Xom.
 70201 | Depths:5 | Noticed Frederick
 70209 | Depths:5 | Killed Frederick
 70262 | Depths:5 | Paralysed by a floating eye for 3 turns
 70339 | Depths:5 | Paralysed by a floating eye for 2 turns
 70411 | Depths:5 | Found a white marble altar of Elyvilon.
 70443 | Depths:5 | Noticed Margery
 70450 | Depths:5 | Killed Margery
 70561 | Depths:5 | Found a transporter.
 70684 | Depths:5 | Received a gift from Trog
 70770 | Depths:5 | Found a transporter.
 70785 | Depths:5 | Found a gate to the Realm of Zot.
 70895 | Depths:5 | Identified the ring of the Coward {rElec rC+ Str-5 Int+6
                  | Dex+4 Stlth+}
 70963 | Depths:5 | Identified the ring "Damnable Contraption" {rN+ Str+4 Dex-2
                  | Stlth+}
 71419 | Elf:3    | Entered Level 3 of the Elven Halls
 71549 | Elf:3    | Paralysed by an air elemental for 1 turns
 72626 | Elf:3    | Received a gift from Trog
 72699 | Elf:3    | Paralysed by an air elemental for 1 turns
 72712 | Elf:3    | Identified the +6 great sword "Veuwesch" {venom, rPois rF-
                  | rN+ Int+6}
 72712 | Elf:3    | Identified the +1 leather armour of Honesty {Str+2}
 72767 | Elf:3    | Identified the +4 flail of Bedazzling Honour {vorpal,
                  | rElec}
 72869 | Elf:3    | Identified the +9 hand crossbow of Disaster {speed, rF++
                  | rC+ Str+4 Int+2}
 73401 | Crypt:1  | Entered Level 1 of the Crypt
 73607 | Crypt:1  | Reached XP level 26. HP: 193/193 MP: 24/24
 73607 | Crypt:1  | Found an ancient bone altar of Kikubaaqudgha.
 74774 | Crypt:2  | Received a gift from Trog
 75357 | Crypt:3  | Entered Level 3 of the Crypt
 75378 | Crypt:3  | Received a gift from Trog
 75556 | Crypt:3  | Found the brooch of Shielding {Spirit SH+8}
 75921 | Crypt:3  | Found a staircase to the Tomb.
 76234 | Crypt:3  | Reached skill level 15 in Shields
 76314 | Crypt:3  | Noticed an ancient lich
 76324 | Crypt:3  | Noticed a dread lich
 76503 | Vaults:5 | Entered Level 5 of the Vaults
 76542 | Vaults:4 | Received a gift from Trog
 76746 | Vaults:5 | Noticed a dread lich
 76768 | Vaults:5 | Killed a dread lich
 76769 | Vaults:5 | Reached XP level 27. HP: 187/199 MP: 24/24
 76856 | Vaults:5 | Received a gift from Trog
 77172 | Vaults:5 | Got a silver rune of Zot
 77460 | Vaults:5 | Received a gift from Trog
 77741 | Vaults:5 | Identified the +1 executioner's axe of Focus {vorpal, rF+
                  | Will++ Str+4 Stlth-}
 77769 | Vaults:5 | Noticed a dread lich
 77778 | Vaults:5 | Killed a dread lich
 78176 | D:6      | Bought the amulet of Pyithra {Acrobat -Tele rCorr Dex+6}
                  | for 545 gold pieces
 78461 | Depths:3 | Bought 2 potions of haste for 880 gold pieces
 78763 | Elf:2    | Bought a potion of resistance for 290 gold pieces
 78763 | Elf:2    | Bought a potion of might for 116 gold pieces
 79100 | Zot:1    | Entered Level 1 of the Realm of Zot
 79305 | Zot:1    | Identified the +3 dagger "Qalydat" {vorpal, Int+6}
 79718 | Zot:1    | Received a gift from Trog
 80509 | Zot:1    | Found a runed translucent gate.
 80509 | Zot:1    | Found a runed translucent gate.
 80509 | Zot:1    | Found a runed translucent gate.
 80509 | Zot:1    | Noticed Uneer's ghost (legendary GnFE)
 81317 | Zot:2    | Received a gift from Trog
 82486 | Zot:3    | Noticed an orb of fire
 82493 | Zot:3    | Killed an orb of fire
 83182 | Zot:4    | Received a gift from Trog
 83970 | Zot:5    | Entered Level 5 of the Realm of Zot
 84709 | Zot:5    | Noticed a dread lich
 84776 | Zot:5    | Noticed a dread lich
 84794 | Zot:4    | Killed a dread lich
 84849 | Zot:4    | Killed a dread lich
 84945 | Zot:5    | Noticed an ancient lich
 84970 | Zot:5    | Killed an ancient lich
 84970 | Zot:5    | Received a gift from Trog
 85093 | Zot:5    | Noticed a dread lich
 85101 | Zot:5    | Killed a dread lich
 85572 | Zot:5    | Noticed an orb of fire
 85573 | Zot:5    | Noticed an orb of fire
 85581 | Zot:5    | Killed an orb of fire
 85585 | Zot:5    | Killed an orb of fire
 86056 | Zot:5    | Noticed an orb of fire
 86056 | Zot:5    | Noticed an orb of fire
 86057 | Zot:5    | Noticed an orb of fire
 86057 | Zot:5    | Noticed an orb of fire
 86063 | Zot:5    | Gained mutation: You frequently scream uncontrollably at
                  | your foes. [an orb of fire]
 86065 | Zot:5    | Noticed an orb of fire
 86074 | Zot:4    | Killed an orb of fire
 86079 | Zot:4    | Killed an orb of fire
 86178 | Zot:5    | Gained mutation: Your spells are a little easier to cast,
                  | but a little less powerful. [an orb of fire]
 86180 | Zot:5    | Gained mutation: You are dopey. (Int -2) [an orb of fire]
 86188 | Zot:4    | Killed an orb of fire
 86232 | Zot:5    | Killed an orb of fire
 86289 | Zot:5    | Gained mutation: You are clumsy. (Dex -2) [an orb of fire]
 86358 | Zot:5    | Gained mutation: Your body sometimes deteriorates upon
                  | taking damage. [an orb of fire]
 86358 | Zot:5    | Gained mutation: You are very clumsy. (Dex -4) [an orb of
                  | fire]
 86366 | Zot:5    | Gained mutation: Your magical capacity is low. (-10% MP)
                  | [an orb of fire]
 86368 | Zot:5    | Killed an orb of fire
 86422 | Zot:5    | Lost mutation: You frequently scream uncontrollably at your
                  | foes. [potion of mutation]
 86422 | Zot:5    | Lost mutation: You are very clumsy. (Dex -4) [potion of
                  | mutation]
 86422 | Zot:5    | Lost mutation: You are clumsy. (Dex -2) [potion of
                  | mutation]
 86422 | Zot:5    | Gained mutation: You are partially covered in iridescent
                  | scales. (AC +2) [potion of mutation]
 86423 | Zot:5    | Lost mutation: Your spells are a little easier to cast, but
                  | a little less powerful. [potion of mutation]
 86423 | Zot:5    | Lost mutation: You occasionally shout uncontrollably at
                  | your foes. [potion of mutation]
 86423 | Zot:5    | Gained mutation: You sometimes lose the ability to read
                  | scrolls when taking damage. [potion of mutation]
 86423 | Zot:5    | Lost mutation: You are dopey. (Int -2) [potion of mutation]
 86423 | Zot:5    | Lost mutation: Your body sometimes deteriorates upon taking
                  | damage. [potion of mutation]
 86569 | Zot:5    | Noticed an ancient lich
 86588 | Zot:5    | Killed an ancient lich
 86964 | Zot:5    | Noticed an orb of fire
 86978 | Zot:5    | Killed an orb of fire
 87038 | Zot:5    | Identified the +7 arbalest of the Enchanted Forest {freeze,
                  | rPois rC+ Str+2}
 87966 | Zot:5    | Got the Orb of Zot
 88291 | D:13     | Noticed Posuuz the pandemonium lord
 88371 | D:8      | Noticed Dira the pandemonium lord
 88603 | D:$      | Escaped with the Orb!

Illustrated notes

Levels and vault maps discovered:
D:1:      dpeg_arrival_signposts, layout_loops_ring, serial_shops,
          shop_fountains, serial_rivers, chequers_serial_rivers_micro_b,
          chequers_serial_rivers_micro_e, chequers_serial_rivers_micro_a,
          chequers_serial_rivers_micro_a, chequers_serial_rivers_micro_a,
          serial_park_tiny_2
D:2:      minmay_chambers_of_ones, layout_loops_ring,
          shapermc_ecumenical_altar_gd, minmay_fountain_box
D:3:      layout_basic, serial_shops, nicolae_shop_crystal, minivault_11
D:4:      kennysheep_kobold_camp, layout_loops_ring, old_standard_altar,
          serial_bayou_pond_e
D:5:      layout_loops_ring, temple_green
D:6:      layout_cave_pools, nicolae_shop_sticking_my_neck_out, uniq_pikel
D:7:      layout_loops_corners, gammafunk_temple_overflow_forgotten,
          uniq_menkaure
D:8:      layout_rooms, mainiacjoe_overflow_tiny_flanked, dpeg_lair_monsters,
          wad_floor_pattern_untrapped, sigmund_army
D:9:      minmay_inner_zag, layout_basic, mainiacjoe_overflow_catwalk,
          hiddenorc2_lemuel, small_chamber_with_monster
D:10:     layout_roguey
D:11:     layout_gridville, zin_statuary, uniq_maurice
D:12:     layout_layer_cave
D:13:     layout_basic, hangedman_aviary
D:14:     layout_basic, hangedman_vaults_entry_quadrant_bands, serial_shops,
          bzr_in_the_mist, nicolae_shop_window_shopping, shop_fountains, shop,
          nicolae_shop_behind_doors, nicolae_hepliaklqana_hippocampus,
          kennysheep_cluttered_room
D:15:     grunt_enter_depths_magical_seal, layout_basic
Lair:1:   layout_cave_pods, uniq_joseph
Lair:2:   layout_cave_pods, ice2_lemuel
Lair:3:   layout_misc_corridors, skrybe_swamp_entry_bodies, basic_altar,
          beast_lair_carwin_11, infiniplex_staircase_pool, grunt_megastairs_4
Lair:4:   layout_gridlike, minmay_snake_entry_guardpost_medium,
          infiniplex_staircase_pool_2, minmay_lair_oklob_chamber
Lair:5:   layout_regular_city, dpeg_slime_entry_enclosed_altar,
          beast_lair_carwin_3
Lair:6:   minmay_lair_end_frog_pond, layout_cellular_growth,
          gammafunk_ghost_arena
Swamp:1:  layout_basic_swamp, hangedman_swamp_blocks
Swamp:2:  nicolae_swamp_wrong_neighborhood, layout_falls_marsh,
          gammafunk_ghost_hydra_chop, serial_swamp_ruin,
          evilmike_swamp_ruin_rubble_1, evilmike_swamp_ruin_house_5,
          evilmike_swamp_ruin_house_2, swamp_pool1, water_boxes_lemuel
Swamp:3:  layout_basic_swamp, nicolae_swamp_triple_paths
Swamp:4:  swamp_basic_johnstein, layout_basic_swamp, swamp_pool1,
          grunt_lady_of_the_lake
Snake:1:  layout_cave_pods, serial_shops, shop, grunt_ministairs_10,
          nicolae_large_snake_swirl, uniq_josephine
Snake:2:  layout_chambers, uniq_aizul, uniq_frances, uniq_vashnia
Snake:3:  layout_misc_corridors, basic_altar, st_stairs_8,
          nicolae_snake_linked_coils, minmay_shoptagon, serial_bayou_shore_a,
          serial_bayou_shore_b, lemuel_fruit_tree
Snake:4:  minmay_snake_end_coiled, layout_chambers, nicolae_specific_store,
          serial_bayou_pond_d, uniq_asterion
Orc:1:    layout_diamond_mine, special_room [special_room_orc], basic_altar,
          mines1_david, uniq_nergalle
Orc:2:    grunt_orc_gardens, layout_diamond_mine, grunt_orc_garden,
          grunt_orc_garden, grunt_orc_garden, grunt_orc_garden, serial_shops,
          nicolae_shop_waterfront
Elf:1:    layout_rooms, minmay_elf_demonology,
          nicolae_elf_free_trip_to_the_abyss, grunt_megastairs_3, uniq_azrael
Elf:2:    nicolae_elf_blades_crystal_corner, layout_onion_city, serial_shops,
          nicolae_shop_waterfront, shop, nicolae_shop_overgrown_old_shop, shop,
          uniq_roxanne
Elf:3:    elf_hall_gauntlet_narrow, layout_geoelf_castle
Vaults:1: vaults_room_guarded_vault, vaults_mumra_minichess,
          ontoclasm_vaults_decontamination, hangedman_vaults_pinch,
          ontoclasm_vaults_hangar, v_misc_2, nicolae_vaults_ninety_degrees,
          layout_vaults_quadrants
Vaults:2: v_misc_32, v_misc_5, v_misc_29, v_misc_33, ontoclasm_vaults_chip,
          nicolae_vaults_gold_heap, nicolae_vaults_shelves_hall,
          ontoclasm_vaults_pinch, nicolae_vaults_little_squares_2,
          sword_in_stone, vaults_room_corners, layout_vaults_ring, serial_shops,
          nicolae_shop_stone
Vaults:3: nicolae_vaults_halls_meeting, hangedman_vaults_river_flow, v_misc_27,
          minmay_crypt_entry_necro_gods, hangedman_vaults_cutoff,
          nicolae_vaults_hallways_thing, vaults_dpeg_cross,
          layout_vaults_chaotic_city, serial_shops, shop, uniq_donald
Vaults:4: vaults_door_vault, hangedman_vaults_slice, vaults_room_corners,
          nicolae_vaults_border_crossing, grunt_vaults_diagonal,
          vaults_standard_mumra_x, hangedman_vaults_capsules,
          hangedman_vaults_stagger, nicolae_vaults_shelves_hall,
          ontoclasm_vaults_twist, vaults_mumra_lcd, vaults_room_grid,
          layout_vaults_omnibox
Vaults:5: serial_shops
Crypt:1:  layout_rooms, serial_co_window_serial, co_window_paths_b,
          co_window_paths_a, co_window_of_opportunity_a, co_window_paths_b,
          co_window_paths_a, co_window_of_opportunity_a, co_window_paths_a,
          co_window_corner_a, co_window_corner_a, co_window_cross_2,
          co_window_2corner, co_window_broadway_b, co_window_2corner,
          co_window_paths_c, co_window_unsneaky_path_b, basic_altar,
          hangedman_weighted_door
Crypt:2:  layout_gridlike, minmay_strange_pillars
Crypt:3:  david_glass_crypt, layout_rooms, nicolae_tomb_entry_rubble_hallway
Depths:1: minmay_the_grid_square_5x5_4x4_mashed
          [minmay_the_grid_square_5x5_misaligned,
          minmay_the_grid_square_5x5_mess,
          minmay_the_grid_square_5x5_hollow_slash,
          minmay_the_grid_square_5x5_spiral_small,
          minmay_the_grid_square_5x5_bite,
          minmay_the_grid_square_5x5_prize_snowflake,
          minmay_the_grid_square_5x5_prize_pseudospiral,
          minmay_the_grid_square_5x5_intrusive_squares,
          minmay_the_grid_square_5x5_shuriken,
          minmay_the_grid_square_5x5_prize_monsterx,
          minmay_the_grid_square_5x5_prize_gold,
          minmay_the_grid_square_5x5_corner, minmay_the_grid_square_5x5_plus,
          minmay_the_grid_square_5x5_forky, minmay_the_grid_square_5x5_minibox,
          minmay_the_grid_square_5x5_two], layout_gridlike,
          kennysheep_minor_cross, pan_entry, hangedman_coc_ice_floe,
          st_stairs_2, hangedman_abyss_or_decor_stabs, minivault_1,
          horrible_house_mu
Depths:2: kennysheep_blocky_hall, layout_cave_pools, enter_ziggurat_f,
          grunt_pan_entry_sceptre, hell_entry, minmay_misc_feat_iff,
          minmay_staircase_statues_hall_small, serial_bayou_shore_b
Depths:3: minmay_broken_ring, layout_cave_shapes, hell_entry, serial_shops,
          shop, rand_demon_pan_entry_5, roderic_lattice_octagonal_star,
          infiniplex_staircase_trident
Depths:4: wad_pebble_path, layout_gridlike, abyss_entry, fiery_altar_vehumet,
          pf_hell_entry_great_geh
Depths:5: hangedman_spin_cycle, hell_entry, uniq_frederick
Zot:1:    layout_gridlike, ebering_ghost_rock_garden, st_stairs_7,
          hangedman_zot_spectrum
Zot:2:    layout_cathedral_of_symmetry, lemuel_baited_zot_trap
Zot:3:    layout_gridlike, grunt_megastairs_2
Zot:4:    layout_twisted_circle
Zot:5:    layout_cathedral_of_symmetry

Skill      XL: |  1  2  3  4  5  6  7  8  9 10 11 12 13 14 15 16 17 18 19 20 21 22 23 24 25 26 27 |
---------------+----------------------------------------------------------------------------------+-----
Maces & Flails | 4 5 6 8 10 11 13 14 15 16 17 18 19 20 21 22 25 | 25.6
Armour         | 3 4 6 7 8 9 10 11 12 13 14 16 17 18 22 | 22.9
Dodging        | 3 4 6 7 8 9 10 11 12 13 14 16 17 18 22 | 22.9
Fighting       | 4 5 6 8 9 10 11 12 13 15 18 20 22 24 26 27 | 27.0
Shields        | 3 5 7 8 10 11 12 14 15 20 | 20.1
Long Blades    | 8 |  8.6

Action                   |  1- 3 |  4- 6 |  7- 9 | 10-12 | 13-15 | 16-18 | 19-21 | 22-24 | 25-27 || total
-------------------------+-------+-------+-------+-------+-------+-------+-------+-------+-------++-------
Melee: Mace              |    73 |     8 |       |       |       |       |       |       |       ||    81
       Kick              |    21 |    16 |    81 |   182 |   435 |   690 |   727 |   825 |  1518 ||  4495
       Peck              |     7 |    14 |    41 |   134 |   280 |   444 |   467 |   506 |   919 ||  2812
       Flail             |       |    68 |   291 |       |       |       |       |       |       ||   359
       Morningstar       |       |       |       |   583 |   671 |       |       |       |   424 ||  1678
       Demon whip        |       |       |       |       |   344 |  1398 |  1334 |  1200 |  1819 ||  6095
       Double sword      |       |       |       |       |       |       |       |   281 |       ||   281
Invok: Berserk           |     3 |     7 |    11 |    16 |    15 |    17 |    20 |    17 |    20 ||   126
       Trog's Hand       |       |     3 |     2 |     6 |     8 |    20 |    16 |    13 |     4 ||    72
       Brothers in Arms  |       |       |       |     2 |     1 |     2 |     3 |       |     3 ||    11
Evoke: Wand              |       |       |       |     5 |    10 |    20 |       |       |     7 ||    42
  Use: Scroll            |       |       |     8 |    11 |    19 |     5 |     6 |    18 |    12 ||    79
       Potion            |       |       |       |     1 |       |     2 |       |     2 |     5 ||    10
 Stab: Distracted        |       |       |       |       |     2 |       |     1 |       |       ||     3
Armor: Chain mail        |    47 |    25 |    28 |       |       |       |       |       |       ||   100
       Ring mail         |       |       |    74 |   137 |   227 |    17 |       |       |       ||   455
       Plate armour      |       |       |       |       |       |   258 |   322 |   265 |       ||   845
       Gold dragon scale |       |       |       |       |       |       |       |   405 |   583 ||   988
Dodge: Dodged            |    32 |    39 |   179 |   372 |   638 |   625 |   452 |   496 |   770 ||  3603
Block: Buckler           |       |       |       |    59 |   400 |   322 |       |       |       ||   781
       Kite shield       |       |       |       |       |       |   229 |   645 |  1026 |  1356 ||  3256
       Reflection        |       |       |       |       |       |       |    53 |    61 |    38 ||   152
       Rpst.: Double sword |       |       |       |       |       |       |       |    29 |       ||    29
